 Dungeon Crawl Stone Soup version 0.30-a0-847-g17996783a1 (webtiles) character file.

Game seed: 15657286516561199381

3602 holysushi the Trooper (level 9, -5/73 HPs)
             Began as a Demonspawn Monk on Mar 4, 2023.
             Was an Initiate of Gozag.
             Slain by an orc knight
             ... wielding a +0 halberd
              (27 damage)
             ... in a bailey.
             The game lasted 00:07:43 (7541 turns).

holysushi the Trooper (Demonspawn Monk)             Turns: 7541, Time: 00:07:44

Health: -5/73      AC:  6    Str: 12    XL:     9   Next: 86%
Magic:  9/9        EV: 16    Int: 12    God:    Gozag
Gold:   1129       SH:  0    Dex: 19    Spells: 8/8 levels left

rFire   . . .      SeeInvis .    c - +1 dagger (venom)
rCold   . . .      Faith    .    (no shield)
rNeg    . . .      Spirit   .    b - +0 robe
rPois   .          Reflect  .    (no helmet)
rElec   .          Rampage  .    A - +0 cloak
rCorr   .                        g - +0 pair of gloves
Will    .....                    (no boots)
Stlth   ++++                     (no amulet)
HPRegen 0.32/turn                (no ring)
MPRegen 0.11/turn                (no ring)

@: invisible
A: slimy green scales 1, spiny 2, demonic touch 1
a: Renounce Religion, Potion Petition, Call Merchant, Bribe Branch


You were in a bailey.
You worshipped Gozag.
Gozag was most pleased with you.
You visited 2 branches of the dungeon, and saw 8 of its levels.
You also visited: Ossuary and Bailey.

You collected 1129 gold pieces.

Inventory:

Hand Weapons
 a - a +0 short sword
 c - a +1 dagger of venom (weapon)
Armour
 b - a +0 robe (worn)
 g - a +0 pair of gloves (worn)
 A - a +0 cloak (worn)
Jewellery
 i - a ring of ice
Wands
 n - a wand of quicksilver (12)
 r - a wand of flame (7)
 D - a wand of iceblast (1)
 F - a wand of mindburst (17)
Scrolls
 d - a scroll of amnesia
 e - 4 scrolls of identify
 f - a scroll of summoning {unknown}
 k - 2 scrolls of blinking {unknown}
 m - 4 scrolls of fog {unknown}
 o - 2 scrolls of immolation
 s - 5 scrolls of teleportation {unknown}
 w - a scroll of enchant weapon {unknown}
 B - a scroll of brand weapon {unknown}
Potions
 h - 7 potions of curing {unknown}
 j - 3 potions of heal wounds {unknown}
 l - 3 potions of flight
 p - 2 potions of magic {unknown}
 q - 3 potions of ambrosia
 t - 4 potions of brilliance {unknown}
 u - 6 potions of mutation
 v - 2 potions of berserk rage {unknown}
 x - 4 potions of might {unknown}
 z - 3 potions of cancellation {unknown}
 C - 2 potions of haste {unknown}
 E - 2 potions of lignification {unknown}
 G - a potion of attraction {unknown}


   Skills:
 + Level 7.7 Fighting
 + Level 7.0 Short Blades
 + Level 7.0 Dodging
 + Level 7.3 Stealth
 + Level 0.0 Evocations


You had 8 spell levels left.
You didn't know any spells.
Your spell library contained the following spells:

 Spells                   Type           Power      Damage    Failure   Level
 Stone Arrow              Conj/Erth      0%         3d7       69%         3
 Animate Armour           Summ/Erth      0%         N/A       97%         4
 Summon Lightning Spire   Summ/Air       0%         N/A       97%         4
 Haunt                    Necr/Summ      0%         N/A       100%        7
 Storm Form               Tmut/Air       0%         N/A       100%        7
 Infestation              Necr           0%         N/A       100%        8
 Lehudib's Crystal Spear  Conj/Erth      0%         10d2      100%        8
 Maxwell's Capacitive Co  Air            0%         ∞         100%        8
 Animate Dead             Necr           Unusable   N/A       N/A         4

Dungeon Overview and Level Annotations

Branches:
Dungeon (7/15) Zot: 26874  Temple (1/1) D:4 Zot: 5965 Ossuary (visited)
 Bailey (1/1) Zot: 5843

Altars:
Ashenzari
Fedhas
Gozag
Kikubaaqudgha
Qazlal
Ru
Sif Muna
Trog
Uskayaw
Vehumet
Xom
Yredelemnul

Shops:
D:4 [


Innate Abilities, Weirdness & Mutations

You are partially covered in slimy green scales. (AC +2)
You are mostly covered in sharp spines.
Your touch may inflict minor irresistible damage on your foes.


Message History

The orc hits you with a +0 war axe. The orc misses you.
You hit the orc but do no damage.
The orc is poisoned.
You touch the orc!
You kill the orc!
The orc is distracted by your dazzling golden aura.
The orc knight roars a battlecry!
The orc goes into a battle-frenzy!
The orc shouts!
You closely miss the orc.
The orc is no longer distracted by gold.
Your touch misses the orc. You hit the orc.
The orc is poisoned.
You touch the orc.
You kill the orc!
The orc knight closely misses you.
The orc knight is struck by your spines.
The orc knight hits you with a +0 halberd!
Things that are here:
6 gold pieces; a +3 trident; a +0 ring mail The orc knight hits you from afar with a +0 halberd!
* * * LOW HITPOINT WARNING * * *
The orc knight is distracted by your dazzling golden aura.
There is an open gate here.
The orc knight is no longer distracted by gold.
Aiming: Mindburst
Press: ? - help, Shift-Dir - straight line, f - orc knight
Aim: an orc knight, wielding a +0 halberd and wearing a +0 ring mail (lightly wounded, chance to affect: 47%)
The orc knight's mind is blasted!
Aiming: Mindburst
Press: ? - help, Shift-Dir - straight line, f/p - orc knight
Aim: an orc knight, wielding a +0 halberd and wearing a +0 ring mail (lightly wounded, chance to affect: 47%)
The orc knight resists with some effort.
There is an open gate here.
Things that are here:
a +0 halberd; a +0 plate armour
Okay, then.
Unknown command.
Okay, then.
You fade into invisibility!
The orc knight hits you from afar with a +0 halberd!!
You die...
Your body crumbles into a pile of gold.

#.....#
#.....#
#.....#
#.....#
##'''##
##.....##
#.).o...#
#).)....#
#))#.#@.#
#).#8#..#
#.......#
##.....##
###'###
#...#
#...#
#...#
#...#


You could see an orc knight (unable to see you).

Vanquished Creatures
  Pikel (D:6)
  2 slime creatures (D:6)
  Duvessa (D:4)
  8 orc warriors
  A black bear (D:7)
  2 ogres
  A kobold brigand (D:6)
  2 bullfrogs
  Blork the orc (D:4)
  Dowan (D:4)
  A hound (D:6)
  9 jellies
  A centaur zombie (Ossuary)
  9 orc priests
  2 human zombies (Ossuary)
  Ijyb (D:4)
  3 iguanas
  7 orc wizards
  4 sleepcaps
  4 mummies (Ossuary)
  9 gnolls (D:4)
  3 adders
  A dart slug (D:1)
  53 orcs
  4 bats (D:1)
  12 endoplasms
  A giant cockroach (D:4)
  2 gnoll zombies (Ossuary)
  11 goblins
  9 hobgoblins
  10 kobolds
  3 quokkas
  6 ball pythons
  2 frilled lizards
  A goblin zombie (Ossuary)
  2 kobold zombies (Ossuary)
  7 rats
197 creatures vanquished.

Vanquished Creatures (others)
  5 fungi (D:6)
  10 toadstools (D:6)
15 creatures vanquished.

Grand Total: 212 creatures vanquished

Notes
Turn   | Place    | Note
-------+----------+-------------------------------------------
     0 | D:1      | holysushi the Demonspawn Monk began the quest for the Orb.
     0 | D:1      | Reached XP level 1. HP: 18/18 MP: 1/1
   200 | D:1      | Gained mutation: You are partially covered in sharp spines.
                  | [demonic ancestry]
   200 | D:1      | Reached XP level 2. HP: 10/24 MP: 2/2
  1240 | D:2      | Reached XP level 3. HP: 29/29 MP: 3/3
  1907 | D:3      | Gained mutation: You are partially covered in slimy green
                  | scales. (AC +2) [demonic ancestry]
  1907 | D:3      | Reached XP level 4. HP: 20/36 MP: 4/4
  2903 | D:4      | Reached XP level 5. HP: 33/42 MP: 5/5
  2908 | D:4      | Found a staircase to the Ecumenical Temple.
  3055 | Temple   | Entered the Ecumenical Temple
  3080 | Temple   | Became a worshipper of Gozag Ym Sagoz the Greedy
  3124 | D:4      | Found Tizir's Armour Shoppe.
  3130 | D:4      | Found a sand-covered staircase.
  3185 | Ossuary  | Entered an ossuary
  3485 | Ossuary  | Gained mutation: You are mostly covered in sharp spines.
                  | [demonic ancestry]
  3485 | Ossuary  | Reached XP level 6. HP: 37/48 MP: 6/6
  3874 | D:4      | Noticed Duvessa
  3875 | D:4      | Noticed Dowan
  3896 | D:4      | Killed Dowan
  3899 | D:4      | Killed Duvessa
  3900 | D:4      | Gained mutation: Your touch may inflict minor irresistible
                  | damage on your foes. [demonic ancestry]
  3900 | D:4      | Reached XP level 7. HP: 13/55 MP: 7/7
  3959 | D:4      | Reached skill level 5 in Fighting
  4038 | D:4      | Noticed Ijyb
  4048 | D:4      | Killed Ijyb
  4184 | D:4      | Noticed Blork the orc
  4194 | D:4      | Killed Blork the orc
  4223 | D:4      | Identified the +7 short sword of Eplomawn {flame, rElec
                  | rPois rCorr Stlth+}
  4546 | D:5      | Entered Level 5 of the Dungeon
  4644 | D:5      | Reached skill level 5 in Short Blades
  4644 | D:5      | Reached skill level 5 in Dodging
  4644 | D:5      | Reached XP level 8. HP: 22/63 MP: 8/8
  4861 | D:5      | Reached skill level 5 in Stealth
  5920 | D:6      | Noticed a slime creature
  5920 | D:6      | Noticed a slime creature
  5922 | D:6      | Killed a slime creature
  5943 | D:6      | Killed a slime creature
  6214 | D:6      | Reached XP level 9. HP: 49/71 MP: 9/9
  6576 | D:6      | Noticed Pikel
  6585 | D:6      | Killed Pikel
  7361 | D:7      | Found a flagged portal.
  7369 | Bailey   | Entered a bailey
  7508 | Bailey   | Noticed an orc knight
  7541 | Bailey   | Slain by an orc knight

Illustrated notes

Levels and vault maps discovered:
D:1:      minmay_arrival_jagged, layout_basic
D:2:      layout_loops_ring, grunt_ministairs_1, minmay_misc_feat_five,
          minmay_pentomino_u2
D:3:      layout_basic, minmay_liquid_box, st_stairs_3
D:4:      layout_basic, minmay_temple_entry_large_hall,
          nicolae_ossuary_entry_false_entrances, serial_shops,
          nicolae_take_the_stairs, minmay_puff, uniq_ijyb, uniq_duvessa,
          uniq_blork_the_orc
D:5:      layout_basic, zin_academy
D:6:      cheibrodos_fertilizer, layout_loops_ring, uniq_pikel
D:7:      layout_loops_cross, minitemple, enter_bailey_3, uniq_maggie
Temple:   nicolae_temple_ecumenical_triangle
Bailey:   bailey_polearm_5, bailey

Skill      XL: |  1  2  3  4  5  6  7  8  9 |
---------------+----------------------------+-----
Stealth        | 2 3 4 6 7 |  7.3
Short Blades   | 3 4 5 6 7 |  7.0
Dodging        | 3 4 5 6 7 |  7.0
Fighting       | 4 5 6 7 |  7.7

Action                     |  1- 3 |  4- 6 |  7- 9 || total
---------------------------+-------+-------+-------++-------
  Melee: Short sword       |    29 |       |       ||    29
         Punch             |     3 |     4 |     3 ||    10
         Dagger            |    70 |   179 |   258 ||   507
         Touch             |       |       |    66 ||    66
  Evoke: Wand              |       |       |     3 ||     3
    Use: Potion            |     2 |     3 |     1 ||     6
         Scroll            |       |     3 |     1 ||     4
   Stab: Sleeping          |     6 |     4 |    19 ||    29
         Invisible         |       |     2 |       ||     2
 Armour: Robe              |    18 |    27 |    26 ||    71
  Dodge: Dodged            |    61 |    87 |   130 ||   278

Table legend: (Time is in decaauts)
 A = Elapsed time spent in this place.
 B = Non-inter-level travel time spent in this place.
 C = Inter-level travel time spent in this place.
 D = Time resting spent in this place.
 E = Time spent auto-exploring this place.
 F = Levels seen in this place.
 G = Mean time per level.
                   A        B        C        D        E       F      G
               +--------+--------+--------+--------+--------+-----+--------+
         Total |   7425 |   7151 |    274 |    304 |   5224 |  10 |  742.5 |
       Dungeon |   6750 |   6476 |    274 |    304 |   4907 |   7 |  964.3 |
        Temple |     34 |     34 |      0 |      0 |     13 |   1 |   34.0 |
       Ossuary |    484 |    484 |      0 |      0 |    304 |   1 |  484.0 |
        Bailey |    155 |    155 |      0 |      0 |      0 |   1 |  155.0 |
               +--------+--------+--------+--------+--------+-----+--------+

Top non-repeatable levels by time:
     D:6: 1643 daAuts
     D:1: 1125 daAuts
     D:3: 1107 daAuts
     D:5: 1079 daAuts
     D:4: 994 daAuts
     D:2: 742 daAuts
 Ossuary: 484 daAuts
  Bailey: 155 daAuts
     D:7: 57 daAuts
  Temple: 34 daAuts
